 Dungeon Crawl Stone Soup version 0.31-a0-7-g51783674b7 (webtiles) character file.

Game seed: 1468313480002597895

23 Dittersdorf the Shield-Bearer (level 3, -2/23 HPs)
             Began as a Gargoyle Fighter on May 5, 2023.
             Slain by a black bear (7 damage)
             ... on level 2 of the Dungeon.
             The game lasted 00:00:34 (680 turns).

Dittersdorf the Shield-Bearer (Gargoyle Fighter)     Turns: 680, Time: 00:00:35

Health: -2/23      AC: 10    Str: 21    XL:     3   Next: 0%
Magic:  3/3        EV:  9    Int:  8    God:
Gold:   96         SH:  4    Dex:  9    Spells: 2/2 levels left

rFire   . . .        a - +0 flail
rCold   . . .        c - +0 buckler
rNeg    + . .        b - +0 scale mail
rPois   ∞            (no helmet)
rElec   +            (no cloak)
rCorr   .            (no gloves)
SInv    .            (no boots)
Will    .....        (no amulet) Stlth
                     (no ring)
HPRegen 0.23/turn    (no ring)
MPRegen 0.08/turn

%: no passive effects
@: no status effects
A: sickness immunity, AC +3, negative energy resistance 1, electricity
resistance, torment resistance 1, petrification resistance
a: no special abilities


You were on level 2 of the Dungeon.
You visited 1 branch of the dungeon, and saw 2 of its levels.

You collected 96 gold pieces.

Inventory:

Hand Weapons
 a - a +0 flail (weapon)
Armour
 b - a +0 scale mail (worn)
 c - a +0 buckler (worn)
Jewellery
 i - a +6 ring of dexterity
Scrolls
 f - a scroll of identify {unknown}
 g - a scroll of teleportation {unknown}
 h - a scroll of enchant armour {unknown}
Potions
 d - a potion of might
 e - a potion of invisibility {unknown}


   Skills:
 + Level 3.6 Fighting
 + Level 2.3 Maces & Flails
 + Level 3.6 Armour
 + Level 3.6 Shields


You had 2 spell levels left.
You didn't know any spells.
Your spell library was empty.

Dungeon Overview and Level Annotations

Branches:
Dungeon (2/15)

Altars:


Innate Abilities, Weirdness & Mutations

You are immune to sickness and miasma.
Your stone body is resilient. (AC +3)
You are immune to poison.
You resist negative energy. (rN+)
You are resistant to electric shocks. (rElec)
You are resistant to unholy torment.
You are immune to petrification.


Message History

You barely miss the black bear.
The black bear is severely wounded.
The black bear bites you. The black bear claws you. x2
You sock the black bear!
The black bear is almost dead.
The black bear barely misses you. The black bear claws you.
The black bear claws you but does no damage.
You block the black bear's attack.
The black bear claws you but does no damage.
The black bear claws you.
You are too injured to fight recklessly!
You are too injured to fight recklessly!
You are too injured to fight recklessly!
You are too injured to fight recklessly!
You are too injured to fight recklessly!
You are too injured to fight recklessly!
You are too injured to fight recklessly!
You are too injured to fight recklessly!
You are too injured to fight recklessly!
You are too injured to fight recklessly!
You are too injured to fight recklessly!
You are too injured to fight recklessly!
You are too injured to fight recklessly!
You are too injured to fight recklessly!
You are too injured to fight recklessly!
You are too injured to fight recklessly!
You are too injured to fight recklessly!
You hit the black bear but do no damage.
The black bear is almost dead.
The black bear bites you. The black bear claws you.
* * * LOW HITPOINT WARNING * * *
The black bear claws you but does no damage.
You barely miss the black bear.
The black bear is almost dead.
The black bear goes berserk!
You barely miss the black bear.
The black bear is almost dead.
The black bear barely misses you. You block the black bear's attack.
The black bear closely misses you. The black bear bites you!
You die...

######### #.......#
#.#####.# #.# #.# #.#
#.# #.# #.# #.# #@#
#.# #.# # #.h...#.#
#.# .#
#########.####.##.#
###............#.#..#.
......................
##.#.......#.##.#..#.
#.#####.#.##.#..# #
#.#.##.#....
#######.##.####.


You could see a black bear (berserk).

Vanquished Creatures
  2 bats
  2 endoplasms
  A giant cockroach (D:1)
  A goblin (D:1)
  4 hobgoblins
  6 ball pythons
  2 kobolds (D:1)
  3 rats (D:1)
21 creatures vanquished.

Notes
Turn   | Place    | Note
-------+----------+-------------------------------------------
     0 | D:1      | Dittersdorf the Gargoyle Fighter began the quest for the
                  | Orb.
     0 | D:1      | Reached XP level 1. HP: 14/14 MP: 1/1
   182 | D:1      | Reached XP level 2. HP: 19/19 MP: 2/2
   627 | D:2      | Reached XP level 3. HP: 23/23 MP: 3/3
   670 | D:2      | Noticed a black bear
   680 | D:2      | Slain by a black bear

Illustrated notes

Levels and vault maps discovered:
D:1:      eino_arrival_water_cross, layout_loops_cross, minmay_tripent
D:2:      layout_basic, ebering_ecumenical_altar_abandoned,
          minmay_misc_feat_room, grunt_ministairs_7

Action                     || total
---------------------------++-------
  Melee: Flail             ||    58
 Armour: Scale mail        ||    47
  Dodge: Dodged            ||    32
  Block: Buckler           ||    14

Table legend: (Time is in decaauts)
 A = Elapsed time spent in this place.
 B = Non-inter-level travel time spent in this place.
 C = Inter-level travel time spent in this place.
 D = Time resting spent in this place.
 E = Time spent auto-exploring this place.
 F = Levels seen in this place.
 G = Mean time per level.
                   A        B        C        D        E       F      G
               +--------+--------+--------+--------+--------+-----+--------+
         Total |    698 |    693 |      5 |      0 |    573 |   2 |  349.0 |
       Dungeon |    698 |    693 |      5 |      0 |    573 |   2 |  349.0 |
               +--------+--------+--------+--------+--------+-----+--------+

Top non-repeatable levels by time:
     D:1: 590 daAuts
     D:2: 107 daAuts
